 Dungeon Sprint DCSS version 0.21-a0-270-g8204059 (webtiles) character file.

6853 potatolord6000 the Eclecticist (level 10, -2/68 HPs)
             Began as a Deep Elf Necromancer on Sept 13, 2017.
             Was the Champion of Kikubaaqudgha.
             Slain by a nine-headed hydra (13 damage)
             ... in the Dungeon (Sprint VII: "The Pits").
             The game lasted 00:26:11 (2442 turns).

potatolord6000 the Eclecticist (DENe)               Turns: 2442, Time: 00:26:12

Health: -2/68      AC: 13    Str:  5    XL:     10   Next: 78%
Magic:  7/31       EV: 15    Int: 24    God:    Kikubaaqudgha [******]
Gold:   50         SH:  0    Dex: 15    Spells: 19/39 levels left

rFire    . . .     SeeInvis .   s - +4 long sword (pain)
rCold    . . .     Gourm    .   (no shield)
rNeg     . . .     Faith    .   v - +2 troll leather armour
rPois    .         Spirit   .   x - +0 hat {MR+}
rElec    .         Reflect  .   (no cloak)
rCorr    .         Harm     .   (no gloves)
MR       ++...     NoTele   +   w - +0 pair of boots
Stlth    ++........             (no amulet)
HPRegen  0.61/turn              f - +3 ring of protection
MPRegen  0.22/turn              i - +3 ring of protection

@: hasted, very quick
A: no striking features
a: Receive Corpses, Torment, Renounce Religion


You were in the Dungeon.
You worshipped Kikubaaqudgha.
Kikubaaqudgha was exalted by your worship.
You were not hungry.

You visited 1 branch You collected 50 gold pieces.

Inventory:

Hand Weapons
 s - a +4 long sword of pain (weapon)
Armour
 v - a +2 troll leather armour (worn)
 w - a +0 pair of boots (worn)
 x - a +0 hat of magic resistance (worn)
Magical Staves
 p - an uncursed staff of energy
Jewellery
 f - a +3 ring of protection (left hand)
 i - a +3 ring of protection (right hand)
Scrolls
 a - 2 scrolls of identify
 k - 4 scrolls of remove curse
 l - 5 scrolls of amnesia
 m - a scroll of summoning
 A - 2 scrolls of recharging
 B - a scroll of fog
Potions
 d - 3 potions of curing
 e - 12 potions of heal wounds
 g - 3 potions of magic
 h - 3 potions of berserk rage
 j - 2 potions of invisibility
 t - 5 potions of might
 u - a potion of haste
Books
 b - a book of Necromancy

   Spells                             Type                      Level
   a - Pain                           Necromancy                   1
   b - Animate Skeleton               Necromancy                   1
   c - Vampiric Draining              Necromancy                   3
   d - Regeneration                   Charms/Necromancy            3
   e - Animate Dead                   Necromancy                   4
   f - Control Undead                 Necromancy                   4
 q - Kikubaaqudgha's Reference Book on Necromancy
   (Kikubaaqudgha gifted it to you in the Dungeon)

   Spells                             Type                      Level
   a - Animate Skeleton               Necromancy                   1
   b - Corpse Rot                     Necromancy                   2
   c - Sublimation of Blood           Necromancy                   2
   d - Regeneration                   Charms/Necromancy            3
   e - Control Undead                 Necromancy                   4
 r - Kikubaaqudgha's Almanac of Stolen Souls
   (Kikubaaqudgha gifted it to you in the Dungeon)

   Spells                             Type                      Level
   a - Animate Dead                   Necromancy                   4
   b - Excruciating Wounds            Charms/Necromancy            5
   c - Agony                          Necromancy                   5
   d - Dispel Undead                  Necromancy                   5
   e - Simulacrum                     Ice/Necromancy               6
Comestibles
 c - 9 bread rations
 n - 41 fruits
 o - 4 meat rations


   Skills:
 + Level 10.1 Fighting
 + Level 9.0 Long Blades
 - Level 6.7 Staves
 + Level 1.7 Armour
 + Level 6.6 Dodging
 - Level 2.8 Stealth
 + Level 15.1 Spellcasting
 + Level 14.5 Necromancy
 - Level 10.4 Evocations


You had 19 spell levels left.
You knew the following spells:

 Your Spells              Type           Power        Failure   Level  Hunger
a - Pain                  Necr           ####         0%          1    None
b - Animate Dead          Necr           N/A          1%          4    None
c - Vampiric Draining     Necr           ######....   1%          3    None
d - Control Undead        Necr           ######....   1%          4    None
e - Regeneration          Chrm/Necr      ######....   1%          3    None
f - Agony                 Necr           ######..     1%          5    ##.....


Dungeon Overview and Level Annotations

Branches:
Dungeon (1/1)

Altars:
Ashenzari
Cheibriados
Dithmenos
Elyvilon
Fedhas
Gozag
Hepliaklqana
Kikubaaqudgha
Makhleb
Nemelex Xobeh
Okawaru
Qazlal
Ru
Sif Muna
Trog
Uskayaw
Vehumet
Wu Jian
Xom
Yredelemnul
Zin
The Shining One
Beogh
Jiyva
Lugonu


Message History

The nine-headed hydra bites you but does no damage.
The nine-headed hydra closely misses you.
Unknown command.
Unknown command.
There is an open door here.
Unknown command.
There's a creature in the doorway!
Your magical contamination has completely faded away.
Okay, then.
You feel yourself speed up.
The nine-headed hydra closely misses you.
You riposte.
You hit the nine-headed hydra.
The nine-headed hydra writhes in agony.
The nine-headed hydra is moderately wounded.
The nine-headed hydra bites you!
* * * LOW HITPOINT WARNING * * *
The nine-headed hydra closely misses you.
The nine-headed hydra bites you!
You die...
Kikubaaqudgha rasps: "You have failed me!
Welcome... death!"

#'#####'#####.....
#.#..#...'.##.....
#.#..#...#.#####'#
#.#..#####.##.....
#.#..'...#Z##.....
#.#..(Z..'.##.....
#.#.Z########...<.
#D#..'[.)).##.....
#@#..#ZZ)).##.....
#)###########.....
#.[.....#..#######
#.[.....#.########
#...#...#.#....#..
#.[###..#'#)...#..
#...#...#.))...'..
#.......#'#....#..
#.......'.#....#..


You could see a nine-headed hydra.

Vanquished Creatures
  A swamp dragon (D)
  An elephant (D)
  A warg (D)
  2 floating eyes (D)
  A wolf (D)
  5 killer bees (D)
  An orc wizard (D)
  2 worker ants (D)
  3 gnolls (D)
  A river rat (D)
  An adder skeleton (D)
  A leopard gecko (D)
  A jackal (D)
  A kobold (D)
  A quokka (D)
23 creatures vanquished.

Vanquished Creatures (collateral kills)
  Gastronok (D)
  An anaconda (D)
  A spriggan druid (D)
  A wizard (D)
  An orc knight (D)
  A phantasmal warrior (D)
  A cyclops (D)
  A black mamba (D)
  Psyche (D)
  An eye of devastation (D)
  An orange demon (D)
  A gargoyle (D)
  An ice devil (D)
  A red devil (D)
  A merfolk (D)
  A troll (D)
  A hornet (D)
  A bog body (D)
  2 redbacks (D)
  A wyvern (D)
  A ynoxinul (D)
  A hungry ghost (D)
  A basilisk (D)
  3 soldier ants (D)
  An orc warrior (D)
  An eye of draining (D)
  A phantom (D)
  An ogre (D)
  A crocodile (D)
  A gnoll sergeant (D)
  A scorpion (D)
  A killer bee (D)
  4 wights (D)
  2 crimson imps (D)
  A quasit (D)
  2 orc priests (D)
  2 orc wizards (D)
  An iguana (D)
  A worker ant (D)
  A mummy (D)
  A gnoll (D)
  2 river rats (D)
  10 orcs (D)
  A bat skeleton (D)
  A hobgoblin (D)
  3 jackals (D)
  A quokka (D)
  A ball python (D)
  A ball python skeleton (D)
70 creatures vanquished.

Grand Total: 93 creatures vanquished

Notes
Turn   | Place    | Note
-------+----------+-------------------------------------------
     0 | D        | potatolord6000 the Deep Elf Necromancer began the quest for the Orb.
     0 | D        | Reached XP level 1. HP: 10/10 MP: 6/6
    16 | D        | Reached skill level 5 in Necromancy
    47 | D        | Found a bloodstained altar of Trog.
    47 | D        | Found a deep blue altar of Sif Muna.
    47 | D        | Found a viscous altar of Jiyva.
    47 | D        | Found a hazy altar of Hepliaklqana.
    47 | D        | Found an opulent altar of Gozag.
    48 | D        | Found a glowing golden altar of the Shining One.
    48 | D        | Found a glowing silver altar of Zin.
    48 | D        | Found a basalt altar of Yredelemnul.
    48 | D        | Found a shimmering altar of Xom.
    48 | D        | Found an ornate altar of the Wu Jian Council.
    48 | D        | Found a sacrificial altar of Ru.
    48 | D        | Found a stormy altar of Qazlal.
    48 | D        | Found an iron altar of Okawaru.
    48 | D        | Found a sparkling altar of Nemelex Xobeh.
    48 | D        | Found a burning altar of Makhleb.
    48 | D        | Found a blossoming altar of Fedhas.
    48 | D        | Found a white marble altar of Elyvilon.
    48 | D        | Found a shadowy altar of Dithmenos.
    48 | D        | Found a snail-covered altar of Cheibriados.
    50 | D        | Found a radiant altar of Vehumet.
    50 | D        | Found a corrupted altar of Lugonu.
    50 | D        | Found a roughly hewn altar of Beogh.
    51 | D        | Found a hide-covered altar of Uskayaw.
    51 | D        | Found an ancient bone altar of Kikubaaqudgha.
    51 | D        | Found a shattered altar of Ashenzari.
    72 | D        | Became a worshipper of Kikubaaqudgha
    92 | D        | Noticed a floating eye
    96 | D        | Killed a floating eye
    96 | D        | Reached skill level 5 in Dodging
    96 | D        | Reached skill level 6 in Spellcasting
    96 | D        | Reached XP level 2. HP: 14/18 MP: 2/11
    96 | D        | Reached XP level 3. HP: 17/22 MP: 2/12
    96 | D        | Reached XP level 4. HP: 21/27 MP: 2/14
   199 | D        | Learned a level 4 spell: Animate Dead
   203 | D        | Learned a level 3 spell: Vampiric Draining
   208 | D        | Learned a level 4 spell: Control Undead
   280 | D        | Reached * piety under Kikubaaqudgha
   280 | D        | Identified Kikubaaqudgha's Reference Book on Necromancy (Kikubaaqudgha gifted it to you in the Dungeon)
   280 | D        | Received a gift from Kikubaaqudgha
   291 | D        | Learned a level 3 spell: Regeneration
   318 | D        | Reached ** piety under Kikubaaqudgha
   338 | D        | Reached XP level 5. HP: 29/32 MP: 8/16
   341 | D        | Reached *** piety under Kikubaaqudgha
   341 | D        | Identified Kikubaaqudgha's Almanac of Stolen Souls (Kikubaaqudgha gifted it to you in the Dungeon)
   341 | D        | Received a gift from Kikubaaqudgha
   441 | D        | Noticed a phantom
   452 | D        | Killed a phantom
   452 | D        | Reached skill level 7 in Spellcasting
   456 | D        | Reached **** piety under Kikubaaqudgha
   464 | D        | Reached skill level 5 in Staves
   467 | D        | Reached XP level 6. HP: 38/38 MP: 15/18
   505 | D        | Reached ***** piety under Kikubaaqudgha
   594 | D        | Reached skill level 8 in Spellcasting
   660 | D        | Noticed a basilisk
   673 | D        | Killed a basilisk
   678 | D        | Noticed a floating eye
   680 | D        | Paralysed by a floating eye for 3 turns
   685 | D        | Paralysed by a floating eye for 2 turns
   689 | D        | Paralysed by a floating eye for 4 turns
   695 | D        | Reached skill level 5 in Fighting
   697 | D        | Paralysed by a floating eye for 4 turns
   703 | D        | Paralysed by a floating eye for 3 turns
   708 | D        | Paralysed by a floating eye for 4 turns
   714 | D        | Paralysed by a floating eye for 2 turns
   723 | D        | Paralysed by a floating eye for 2 turns
   726 | D        | Paralysed by a floating eye for 4 turns
   739 | D        | Paralysed by a floating eye for 3 turns
   749 | D        | Paralysed by a floating eye for 2 turns
   752 | D        | Killed a floating eye
   752 | D        | Reached skill level 9 in Spellcasting
   752 | D        | Reached skill level 5 in Evocations
   763 | D        | Learned a level 5 spell: Agony
   806 | D        | Noticed a soldier ant
   808 | D        | Reached XP level 7. HP: 44/44 MP: 14/21
   823 | D        | Reached ****** piety under Kikubaaqudgha
   916 | D        | Identified a +4 long sword of pain (a +2 long sword of flaming bloodied by Kikubaaqudgha)
   916 | D        | Received a gift from Kikubaaqudgha
   989 | D        | Noticed Gastronok
   989 | D        | Noticed an orc knight
   989 | D        | Noticed a troll
  1002 | D        | Reached skill level 10 in Necromancy
  1011 | D        | Killed a troll
  1011 | D        | Reached skill level 1 in Long Blades
  1011 | D        | Reached skill level 10 in Spellcasting
  1019 | D        | Killed Gastronok
  1019 | D        | Reached skill level 5 in Long Blades
  1019 | D        | Reached skill level 12 in Spellcasting
  1019 | D        | Reached XP level 8. HP: 8/53 MP: 6/26
  1019 | D        | Reached XP level 9. HP: 8/57 MP: 6/27
  1020 | D        | Killed an orc knight
  1215 | D        | Noticed an orange demon
  1215 | D        | Noticed a swamp dragon
  1235 | D        | Killed a swamp dragon
  1238 | D        | Killed an orange demon
  1362 | D        | Noticed a phantasmal warrior
  1374 | D        | Killed a phantasmal warrior
  1374 | D        | Reached skill level 13 in Spellcasting
  1378 | D        | Reached skill level 10 in Evocations
  1412 | D        | Noticed a wizard
  1436 | D        | Killed a wizard
  1446 | D        | Noticed a merfolk
  1449 | D        | Reached XP level 10. HP: 39/65 MP: 13/29
  1450 | D        | Noticed an anaconda
  1455 | D        | Killed an anaconda
  1457 | D        | Reached skill level 14 in Spellcasting
  1493 | D        | Noticed a cyclops
  1504 | D        | Noticed a gargoyle
  1515 | D        | Killed a cyclops
  1518 | D        | Killed a gargoyle
  1545 | D        | Noticed a black mamba
  1547 | D        | Noticed Psyche
  1550 | D        | Noticed an eye of devastation
  1558 | D        | Killed a black mamba
  1606 | D        | Killed Psyche
  1612 | D        | Killed an eye of devastation
  2345 | D        | Noticed an eight-headed hydra
  2345 | D        | Noticed a spriggan druid
  2345 | D        | Noticed a cyclops
  2356 | D        | Reached skill level 10 in Fighting
  2356 | D        | Reached skill level 1 in Armour
  2368 | D        | Noticed a fire crab
  2368 | D        | Killed a spriggan druid
  2368 | D        | Reached skill level 15 in Spellcasting
  2373 | D        | Noticed an elephant
  2429 | D        | Killed an elephant
  2442 | D        | Slain by a nine-headed hydra

Vault maps used:
D:        pitsprint

Skill      XL: |  1  2  3  4  5  6  7  8  9 10 |
---------------+-------------------------------+-----
Necromancy     | 6 7 8 9 11 13 14 | 14.5
Fighting       | 2 3 4 5 7 8 10 | 10.1
Staves         | 3 4 5 6 |  6.7
Dodging        | 5 6 |  6.6
Spellcasting   | 6 7 9 12 13 15 | 15.1
Evocations     | 3 5 8 10 | 10.4
Long Blades    | 5 7 9 |  9.0
Armour         | 1 |  1.7
Stealth        | |  2.8

Action                   |  1- 3 |  4- 6 |  7- 9 | 10-12 || total
-------------------------+-------+-------+-------+-------++-------
Melee: Staff             |       |    25 |     3 |       ||    28
       Long sword        |       |       |     5 |    31 ||    36
 Cast: Pain              |     4 |    17 |    15 |    12 ||    48
       Animate Dead      |       |     5 |     7 |     7 ||    19
       Regeneration      |       |     1 |     2 |     1 ||     4
       Control Undead    |       |     5 |     1 |     1 ||     7
       Agony             |       |     1 |     6 |     3 ||    10
Invok: Receive Corpses   |       |     5 |     7 |    11 ||    23
       Brand Weapon With |       |       |     1 |       ||     1
Evoke: Staff of energy   |       |       |       |     1 ||     1
  Use: Potion            |       |     2 |     7 |     4 ||    13
       Scroll            |       |     1 |       |     6 ||     7
  Eat: Meat ration       |       |     2 |       |     1 ||     3
Armor: Robe              |       |     1 |     1 |       ||     2
       Troll leather arm |       |       |    10 |    24 ||    34
       Chain mail        |       |       |       |    31 ||    31
Dodge: Dodged            |       |    22 |    26 |    48 ||    96
       Rpst.: Long sword |       |       |     3 |    12 ||    15

Table legend:
 A = Spawn XP
 B = Non-spawn XP
 C = Spawn XP percentage of total XP
 D = Spawn monster count
 E = Non-spawn monster count
 F = Spawn count percentage of total count
 G = Total turns spent on level
                    A         B        C        D         E        F      G
               +---------+---------+-------+---------+---------+-------+---------
         Total |       0 |    9791 |   0.0 |       0 |      92 |   0.0 |  2442
               +---------+---------+-------+---------+---------+-------+---------
             D |       0 |    9791 |   0.0 |       0 |      92 |   0.0 |  2442
               +---------+---------+-------+---------+---------+-------+---------
